 Dungeon Crawl Stone Soup version 0.30-a0-250-g41c1d76940 (webtiles) character file.

Game seed: 2058211926319065555

348 ytrimaz the Trooper (level 6, -1/58 HPs)
             Began as a Minotaur Fighter on Oct 6, 2022.
             Succumbed to Edmund's poison
             ... on level 4 of the Dungeon on Oct 12, 2022.
             The game lasted 00:03:23 (2848 turns).

ytrimaz the Trooper (Minotaur Fighter)              Turns: 2848, Time: 00:03:24

Health: -1/58      AC: 16    Str: 22    XL:     6   Next: 33%
Magic:  5/5        EV:  6    Int:  5    God:
Gold:   271        SH:  4    Dex: 10    Spells: 5/5 levels left

rFire   . . .      SeeInvis +    a - +0 war axe
rCold   . . .      Faith    .    c - +0 buckler
rNeg    . . .      Spirit   .    n - +0 plate armour
rPois   .          Reflect  .    (helmet restricted)
rElec   .          Harm     .    m - +0 cloak
rCorr   .          Rampage  .    (no gloves)
Will    .....                    o - +0 pair of boots
Stlth   ..........               (no amulet)
HPRegen 0.29/turn                (no ring)
MPRegen 0.09/turn                (no ring)

@: mighty, lethally poisoned (-1 -> -15)
A: horns 2, retaliatory headbutt, iridescent scales 1, see invisible
a: no special abilities


You were on level 4 of the Dungeon.
You visited 2 branches of the dungeon, and saw 5 of its levels.

You collected 271 gold pieces.


Innate Abilities, Weirdness & Mutations

You have a pair of horns on your head.
You reflexively headbutt those who attack you in melee.
You are partially covered in iridescent scales. (AC +2)
You have supernaturally acute eyesight. (SInv)


   Skills:
 + Level 6.4 Fighting
 + Level 5.8 Axes
 - Level 4.2 Armour
 - Level 3.6 Shields


You had 5 spell levels left.
You didn't know any spells.
Your spell library contained the following spells:

 Spells                   Type           Power      Damage    Failure   Level
 Cigotuvi's Dreadful Rot  Necr/Pois/Air  0%         N/A       100%        2
 Poisonous Vapours        Pois/Air       0%         N/A       100%        2
 Mephitic Cloud           Conj/Pois/Air  0%         N/A       100%        3

Inventory:

Hand Weapons
 a - a +0 war axe (weapon)
Armour
 c - a +0 buckler (worn)
 m - a +0 cloak (worn)
   (You found it on level 1 of the Dungeon)
 n - a +0 plate armour (worn)
   (You found it on level 1 of the Dungeon)
 o - a +0 pair of boots (worn)
   (You found it on level 3 of the Dungeon)
Wands
 p - a wand of roots (7)
   (You took it off Ijyb on level 3 of the Dungeon)
Scrolls
 f - a scroll of enchant weapon
 g - 2 scrolls of teleportation
 k - 5 scrolls of immolation
Potions
 e - a potion of cancellation
 h - a potion of flight
 i - a potion of haste
 l - a potion of brilliance {unknown}
 q - a potion of heal wounds {unknown}

Dungeon Overview and Level Annotations

Branches:
Dungeon (4/15) Zot: 21315  Temple (1/1) D:4 Zot: 5789

Altars:
Cheibriados
Fedhas
Gozag
Hepliaklqana
Kikubaaqudgha
Makhleb
Nemelex Xobeh
Qazlal
Sif Muna
Trog
Vehumet
Wu Jian
Zin
The Shining One

Shops:
D:2

: #..... ..... ....
..... .... ..... !..
..... ..# #.#
###..##.# #.#
.)......# #.#
#.##.#.#.### #.#
.......@...###.#
####.##......#.######
...........#......###.
........†.....††).....
....#......######.#...
....#......# #.# ..
....#......# ####.# .
.###..<.....# #....#
###......# #.####


There were no monsters in sight!


Message History

You barely miss the hound. The hound bites you but does no damage.
The hound bites you. Edmund barely misses you. You furiously retaliate!
You headbutt Edmund, but do no damage. 😕 HP[-1]
You take 1 damage, and now have 49/50 hp.
You hit Edmund. Your headbutt misses Edmund. You miss the hound.
You hit the endoplasm.
You kill the endoplasm!
You block the hound's attack. The hound bites you.
Edmund hits you with a +4 flail of venom. 😕 HP[-2]
You take 2 damage, and now have 47/50 hp.
You hit Edmund. You slash the hound! You closely miss the quokka.
The hound bites you but does no damage.
The quokka bites you but does no damage.
Edmund hits you with a +4 flail of venom.
You are poisoned.
The hound bites you but does no damage. The quokka barely misses you. 😕 HP[-1]
You take 1 damage, and now have 46/50 hp.
You slash the hound!
You kill the hound!
You hit Edmund. You hit the quokka but do no damage.
You feel sick. Edmund hits you but does no damage.
You are more poisoned.
The quokka bites you but does no damage.
Edmund closely misses you. 😕 HP[-2]
You take 2 damage, and now have 44/50 hp.
You hit Edmund. You completely miss the quokka.
You feel very sick. You block the quokka's attack.
Edmund hits you but does no damage.
You are more poisoned.
The quokka bites you but does no damage. 😕 HP[-5]
You take 5 damage, and now have 39/50 hp.
You hit Edmund but do no damage. You barely miss the quokka.
You feel very sick.
Edmund hits you with a +4 flail of venom.
You are more poisoned.
You block the quokka's attack. 😮 HP[-9]
You take 9 damage, and now have 30/50 hp.
It was a potion of mutation.
You feel extremely strange.
Iridescent scales grow over part of your body.
Your vision sharpens.
* * * LOW HITPOINT WARNING * * *
You feel very sick. You block the quokka's attack.
Edmund hits you with a +4 flail of venom.
* * * LOW HITPOINT WARNING * * *
You are more poisoned. 😨 HP[-9]
You take 9 damage, and now have 21/50 hp.
It was a potion of curing.
You feel better.
The quokka bites you but does no damage.
Edmund hits you but does no damage.
You are poisoned.
The quokka bites you but does no damage. 😮 HP[+8]
You regained 8 hp, and now have 29/50 hp.
Unknown command.
Okay, then.
Okay, then.
Unknown command.
You feel very mighty all of a sudden.
You feel very sick.
Edmund hits you with a +4 flail of venom.
* * * LOW HITPOINT WARNING * * *
You are lethally poisoned!
The quokka bites you.
* * * LOW HITPOINT WARNING * * *
😨 HP[-8]
You take 8 damage, and now have 21/50 hp.
Unknown command.
You closely miss Edmund. You headbutt Edmund! You hit the quokka.
* * * LOW HITPOINT WARNING * * *
You feel extremely sick. Edmund barely misses you.
The quokka barely misses you.
Edmund hits you with a +4 flail of venom.
* * * LOW HITPOINT WARNING * * *
😱 HP[-9]
You take 9 damage, and now have 12/50 hp.
You barely miss Edmund. You headbutt Edmund! You hit the quokka.
You kill the quokka!
* * * LOW HITPOINT WARNING * * *
You feel very sick. Edmund hits you but does no damage.
You are more poisoned. 😱 HP[-4]
You take 4 damage, and now have 8/50 hp.
You slash Edmund!
You kill Edmund!
* * * LOW HITPOINT WARNING * * *
You feel extremely sick.
Your Fighting skill increases to level 6!
You have reached level 6! 😱 HP[-6] MP[+1]
You now have 58 max hp (+8).
Your mp is fully restored (5).
You die...

Skill      XL: |  1  2  3  4  5 |
---------------+----------------+-----
Armour         | 4 |  4.2
Fighting       | 4 5 6 |  6.4
Axes           | 3 4 5 |  5.8
Shields        | |  3.6

Action                   |  1- 3 |  4- 6 || total
-------------------------+-------+-------++-------
Melee: War axe           |    66 |    72 ||   138
       Headbutt          |     8 |    10 ||    18
  Use: Scroll            |     8 |       ||     8
       Potion            |       |     3 ||     3
Armor: Scale mail        |    18 |       ||    18
       Plate armour      |    16 |    47 ||    63
Dodge: Dodged            |    29 |    21 ||    50
Block: Buckler           |    10 |    22 ||    32

Levels and vault maps discovered:
D:1:      dpeg_arrival_pits, layout_loops_ring,
          hellmonk_ecumenical_altar_heavens_door, minmay_splitting_lines
D:2:      layout_loops_ring, serial_shops, nicolae_shop_statue_plus,
          dk_noncrumbling_2, minmay_misc_feat_pillars, uniq_terence
D:3:      layout_basic, nemelex_altar_shiori, minmay_stone_trees_small,
          uniq_ijyb
D:4:      layout_basic, minmay_temple_entry_junction,
          chequers_serial_rivers_small_3, uniq_edmund
Temple:   nicolae_temple_figure_eight

Notes
Turn   | Place    | Note
-------+----------+-------------------------------------------
     0 | D:1      | ytrimaz the Minotaur Fighter began the quest for the Orb.
     0 | D:1      | Reached XP level 1. HP: 19/19 MP: 0/0
     0 | D:1      | magus.rc [v1.9.6]
   113 | D:1      | Reached XP level 2. HP: 26/27 MP: 1/1
   242 | D:1      | Reached skill level 4 in Armour
   257 | D:1      | Reached skill level 4 in Fighting
   271 | D:1      | Reached skill level 3 in Axes
   406 | D:1      | Found a faded altar of an unknown god.
   493 | D:1      | Reached XP level 3. HP: 32/33 MP: 2/2
   618 | D:1      | You pick up a book of Vapours and begin reading...
   618 | D:1      | You add the spells Poisonous Vapours, Cigotuvi's Dreadful
                  | Rot and Mephitic Cloud to your library.
  1168 | D:2      | Found Makhac's Book Shoppe.
  1185 | D:2      | Upgraded the game from 0.30-a0-219-gf2db51d15e to
                  | 0.30-a0-250-g41c1d76940
  1185 | D:2      | magus.rc [v1.9.6]
  1387 | D:2      | Noticed Terence
  1394 | D:2      | Killed Terence
  1395 | D:2      | Reached XP level 4. HP: 29/41 MP: 3/3
  1687 | D:2      | Reached skill level 4 in Axes
  1968 | D:3      | Reached skill level 5 in Fighting
  2223 | D:3      | Found a sparkling altar of Nemelex Xobeh.
  2294 | D:3      | Noticed Ijyb
  2302 | D:3      | Killed Ijyb
  2303 | D:3      | Reached XP level 5. HP: 42/48 MP: 4/4
  2517 | D:4      | Found a staircase to the Ecumenical Temple.
  2528 | Temple   | Entered the Ecumenical Temple
  2823 | D:4      | Reached skill level 5 in Axes
  2832 | D:4      | Noticed Edmund
  2842 | D:4      | Gained mutation: You are partially covered in iridescent
                  | scales. (AC +2) [potion of mutation]
  2842 | D:4      | Gained mutation: You have supernaturally acute eyesight.
                  | (SInv) [potion of mutation]
  2845 | D:4      | HP: 12/50 [Edmund/+4 flail of venom (2)]
  2847 | D:4      | Killed Edmund
  2847 | D:4      | HP: 2/50 [poisoned by Edmund]
  2848 | D:4      | Reached skill level 6 in Fighting
  2848 | D:4      | Reached XP level 6. HP: 2/58 MP: 5/5
  2848 | D:4      | Succumbed to Edmund's poison

Vanquished Creatures
  Edmund (D:4)
  A hound (D:4)
  An iguana (D:4)
  Terence (D:2)
  Ijyb (D:3)
  5 adders
  3 worms
  3 dart slugs (D:1)
  An orc (D:2)
  9 endoplasms
  4 giant cockroaches
  2 goblins
  4 hobgoblins
  4 jackals (D:2)
  7 kobolds
  5 quokkas
  9 ball pythons
  5 bats
  6 frilled lizards
  3 rats (D:1)
75 creatures vanquished.

Table legend:
 A = Non-vault XP
 B = Vault XP
 C = Vault XP percentage of total XP
 D = Non-vault monster count
 E = Vault monster count
 F = Vault count percentage of total count
                 A         B        C        D         E       F
            +---------+---------+-------+---------+---------+-------
      Total |     266 |     232 |  46.6 |      72 |       3 |   4.0
            +---------+---------+-------+---------+---------+-------
        D:1 |      48 |       0 |   0.0 |      27 |       0 |   0.0
        D:2 |      50 |      36 |  41.9 |      19 |       1 |   5.0
        D:3 |      62 |      32 |  34.0 |      15 |       1 |   6.2
        D:4 |     106 |     164 |  60.7 |      11 |       1 |   8.3
            +---------+---------+-------+---------+---------+-------

Illustrated notes

Table legend:
 A = Kills in this place as a percentage of kills in entire the game.
 B = Kills by you in this place as a percentage of kills by you in the entire game.
 C = Kills by friends in this place as a percentage of kills by friends in the entire game.
 D = Other kills in this place as a percentage of other kills in the entire game.
 E = Experience gained in this place as a percentage of experience gained in the entire game.
 F = Experience gained in this place divided by the number of levels of this place that you have seen.
                   A       B       C       D       E      F
               +-------+-------+-------+-------+-------+----------------------
         Total | 100.0 | 100.0 |   N/A |   N/A | 100.0 |  99.6
       Dungeon | 100.0 | 100.0 |   N/A |   N/A | 100.0 | 124.5
               +-------+-------+-------+-------+-------+----------------------

Table legend: (Time is in decaauts)
 A = Elapsed time spent in this place.
 B = Non-inter-level travel time spent in this place.
 C = Inter-level travel time spent in this place.
 D = Time resting spent in this place.
 E = Time spent auto-exploring this place.
 F = Levels seen in this place.
 G = Mean time per level.
                   A        B        C        D        E       F      G
               +--------+--------+--------+--------+--------+-----+--------+
         Total |   2895 |   2742 |    153 |    100 |   2145 |   5 |  579.0 |
       Dungeon |   2684 |   2556 |    128 |    100 |   1963 |   4 |  671.0 |
        Temple |    210 |    185 |     25 |      0 |    182 |   1 |  210.0 |
               +--------+--------+--------+--------+--------+-----+--------+

Top non-repeatable levels by time:
     D:1: 1023 daAuts
     D:2: 882 daAuts
     D:3: 625 daAuts
  Temple: 210 daAuts
     D:4: 153 daAuts
